 Dungeon Crawl Stone Soup version 0.31-a0-818-ge7c7cf74f0 (webtiles) character file.

Game seed: 6275363945655890424

217 pokeman the Magician (level 5, -1/29 HPs)
             Began as a Deep Elf Hedge Wizard on Sept 22, 2023.
             Slain by a crimson imp
             ... wielding a +1 dagger of chaos
              (13 damage)
             ... on level 3 of the Dungeon.
             The game lasted 00:06:20 (3011 turns).

pokeman the Magician (Deep Elf Hedge Wizard)        Turns: 3011, Time: 00:06:21

Health: -1/29      AC:  3    Str:  7    XL:     5   Next: 62%
Magic:  19/24      EV: 13    Int: 27    God:
Gold:   135        SH:  0    Dex: 14    Spells: 8/16 levels left

rFire   . . .        p - +11 rapier of the Enchanted Forest {venom, Int+6}
rCold   . . .        (no shield)
rNeg    . . .        b - +0 robe
rPois   .            c - +0 hat
rElec   .            (no cloak)
rCorr   .            f - +0 pair of gloves
SInv    .            (no boots)
Will    .....        r - amulet of magic regeneration
Stlth   ++           a - ring of magical power
HPRegen 0.24/turn    (no ring)
MPRegen 0.59/turn

%: no passive effects
@: mighty
A: no striking features
a: no special abilities


You were on level 3 of the Dungeon.
You visited 1 branch of the dungeon, and saw 3 of its levels.

You collected 135 gold pieces.

Inventory:

Hand Weapons
 k - a +2 falchion of electrocution
 p - the +11 rapier of the Enchanted Forest (weapon) {venom, Int+6}
   (You found it on level 3 of the Dungeon)

   Int+6:     It affects your intelligence (+6).
Armour
 b - a +0 robe (worn)
 c - a +0 hat (worn)
 f - a +0 pair of gloves (worn)
Magical Staves
 h - a staff of death
Jewellery
 a - a ring of magical power (left hand)
 r - an amulet of magic regeneration (around neck)
 s - a ring of ice
Scrolls
 e - 4 scrolls of identify {unknown}
 i - a scroll of blinking {unknown}
 j - a scroll of teleportation {unknown}
 l - a scroll of fog {unknown}
 q - 2 scrolls of fear {unknown}
 t - a scroll of immolation {unknown}
Potions
 d - a potion of magic
 g - 3 potions of curing {unknown}
 m - 2 potions of lignification {unknown}
 n - a potion of enlightenment {unknown}
 o - a potion of might {unknown}


   Skills:
 - Level 1.0 Fighting
 - Level 1.1 Armour
 - Level 3.3 Dodging
 - Level 3.3 Stealth
 * Level 6.4 Spellcasting
 + Level 2.7 Conjurations
 - Level 1.1 Summonings
 + Level 0.0 Necromancy
 - Level 1.1 Translocations
 + Level 0.0 Air Magic
 + Level 0.0 Poison Magic
 + Level 0.0 Evocations


You had 8 spell levels left.
You knew the following spells:

 Your Spells              Type           Power      Damage    Failure   Level
a - Magic Dart            Conj           92%        1d7       1%          1
b - Mephitic Cloud        Conj/Pois/Air  13%        N/A       13%         3
c - Call Imp              Summ           28%        N/A       6%          2
d - Blink                 Tloc           28%        N/A       6%          2

Your spell library contained the following spells:

 Spells                   Type           Power      Damage    Failure   Level
 Searing Ray              Conj           46%        2d6       3%          2
 Slow                     Hex            32%        N/A       6%          1
 Cigotuvi's Dreadful Rot  Necr/Pois/Air  16%        N/A       10%         2
 Fulminant Prism          Conj/Hex       8%         3d7       34%         4


Dungeon Overview and Level Annotations

Branches:
Dungeon (3/15)

Altars:
Makhleb
Xom
Yredelemnul


Message History

The crimson imp hits you with a +1 dagger of chaos.
The crimson imp freezes you.
You hit the crimson imp but do no damage.
The crimson imp misses you.
Casting: Magic Dart (safe; 1% risk of failure)
Confirm with . or Enter, or press ? or * to list all spells.
Aiming: Magic Dart (safe; 1% risk of failure)
Press: ? - help, Shift-Dir - straight line, f - crimson imp
Aim: a crimson imp, wielding a +1 dagger of chaos (100% to hit)
The magic dart hits the crimson imp.
The crimson imp is moderately wounded.
The crimson imp hits you with a +1 dagger of chaos.
You feel very mighty all of a sudden.
Casting: Magic Dart (safe; 1% risk of failure)
Confirm with . or Enter, or press ? or * to list all spells.
Aiming: Magic Dart (safe; 1% risk of failure)
Press: ? - help, Shift-Dir - straight line, f/p - crimson imp
Aim: a crimson imp, wielding a +1 dagger of chaos (moderately wounded, 100% to hit)
The magic dart hits the crimson imp.
The crimson imp is heavily wounded.
The crimson imp hits you with a +1 dagger of chaos.
The crimson imp freezes you.
Casting: Magic Dart (safe; 1% risk of failure)
Confirm with . or Enter, or press ? or * to list all spells.
Aiming: Magic Dart (safe; 1% risk of failure)
Press: ? - help, Shift-Dir - straight line, f/p - crimson imp
Aim: a crimson imp, wielding a +1 dagger of chaos (heavily wounded, 100% to hit)
The magic dart hits the crimson imp.
The crimson imp is severely wounded.
The crimson imp closely misses you.
Casting: Magic Dart (safe; 1% risk of failure)
Confirm with . or Enter, or press ? or * to list all spells.
Aiming: Magic Dart (safe; 1% risk of failure)
Press: ? - help, Shift-Dir - straight line, f/p - crimson imp
Aim: a crimson imp, wielding a +1 dagger of chaos (severely wounded, 100% to hit)
The magic dart hits the crimson imp but does no damage.
The crimson imp is severely wounded.
The crimson imp hits you with a +1 dagger of chaos.
Space warps horribly around you!
You die...

#.........######....
#...................
#..........####...#.
#.........#####.#.#.
#.........# #...#.#.
#.........# #.###.#.
#...#####.###.# #.#.
#...#.._#.##..# ####
#..@5...#.##[## #
#####.._####.#######
#### ##.##...(.
##...#...##
##...รท.....#
#...........
#...........
#...........
##.........#


You could see a crimson imp.

Vanquished Creatures
  A centaur (D:3)
  5 adders
  A worm (D:2)
  A dart slug (D:2)
  7 orcs
  A bat (D:1)
  4 endoplasms
  4 giant cockroaches
  5 hobgoblins
  12 jackals
  2 quokkas (D:3)
  9 ball pythons
  4 frilled lizards
  7 goblins
  2 kobolds (D:3)
  8 rats
73 creatures vanquished.

Notes
Turn   | Place    | Note
-------+----------+-------------------------------------------
     0 | D:1      | pokeman the Deep Elf Hedge Wizard began the quest for the
                  | Orb.
     0 | D:1      | Reached XP level 1. HP: 10/10 MP: 7/7
   214 | D:1      | Reached XP level 2. HP: 16/16 MP: 7/9
   735 | D:1      | Reached skill level 5 in Spellcasting
   865 | D:1      | Reached XP level 3. HP: 14/20 MP: 1/11
   869 | D:1      | Learned a level 3 spell: Mephitic Cloud
   872 | D:1      | Learned a level 2 spell: Call Imp
   875 | D:1      | Learned a level 2 spell: Blink
  1358 | D:2      | Reached skill level 1 in Fighting
  1455 | D:2      | Reached skill level 1 in Armour
  1938 | D:2      | Reached XP level 4. HP: 23/25 MP: 13/13
  2379 | D:3      | Identified the +11 rapier of the Enchanted Forest {venom,
                  | Int+6}
  2607 | D:3      | Reached skill level 6 in Spellcasting
  2721 | D:3      | Noticed a centaur
  2733 | D:3      | Killed a centaur
  2734 | D:3      | Reached XP level 5. HP: 5/29 MP: 15/15
  2862 | D:3      | Found a faded altar of an unknown god.
  2872 | D:3      | Found a basalt altar of Yredelemnul.
  3002 | D:3      | Found a shimmering altar of Xom.
  3003 | D:3      | Found a burning altar of Makhleb.
  3011 | D:3      | Slain by a crimson imp

Illustrated notes

Levels and vault maps discovered:
D:1:      erik_arrival_blinker_ship, layout_basic
D:2:      layout_rooms, serial_curves, eino_curves_02, eino_curves_01,
          eino_curves_03, eino_curves_03
D:3:      layout_rooms, grunt_temple_overflow_champion_of_chaos,
          nicolae_overflow_ecumenical_swirl

Skill      XL: |  1  2  3  4 |
---------------+-------------+-----
Spellcasting   | 5 6 |  6.4
Fighting       | 1 |  1.0
Armour         | 1 |  1.1
Conjurations   | 2 |  2.7
Dodging        | 3 |  3.3
Stealth        | 3 |  3.3
Summonings     | |  1.1
Translocations | |  1.1

Action                     |  1- 3 |  4- 6 || total
---------------------------+-------+-------++-------
  Melee: Dagger            |    29 |       ||    29
         Falchion          |       |    20 ||    20
         Rapier            |       |     7 ||     7
   Cast: Magic Dart        |    97 |    74 ||   171
         Mephitic Cloud    |     1 |     2 ||     3
   Stab: Confused          |     2 |       ||     2
 Armour: Robe              |    27 |    32 ||    59
  Dodge: Dodged            |    33 |    45 ||    78

Table legend: (Time is in decaauts)
 A = Elapsed time spent in this place.
 B = Non-inter-level travel time spent in this place.
 C = Inter-level travel time spent in this place.
 D = Time resting spent in this place.
 E = Time spent auto-exploring this place.
 F = Levels seen in this place.
 G = Mean time per level.
                   A        B        C        D        E       F      G
               +--------+--------+--------+--------+--------+-----+--------+
         Total |   3016 |   2988 |     28 |     37 |   2534 |   3 | 1005.3 |
       Dungeon |   3016 |   2988 |     28 |     37 |   2534 |   3 | 1005.3 |
               +--------+--------+--------+--------+--------+-----+--------+

Top non-repeatable levels by time:
     D:1: 1056 daAuts
     D:2: 1048 daAuts
     D:3: 911 daAuts
